[Event "Early-Titled-Tuesday-Blitz-May-28-2024"]
[Site "Chess.com"]
[Date "2024.05.28"]
[Round "8"]
[White "BarloNadera"]
[Black "amanjazu"]
[Result "0-1"]
[WhiteElo "2102"]
[BlackElo "2572"]
[TimeControl "180+1"]
[EndTime "9:30:45 PDT"]
[Termination "amanjazu won on time"]

1. d4 f5 2. g3 Nf6 3. Bg2 g6 4. c4 Bg7 5. Qb3 c6 6. Nc3 O-O 7. Nf3 d6 8. Bf4 Qb6 9. O-O Na6 10. Rfd1 h6 11. h4 Kh8 12. Qc2 Be6 13. b3 Nh5 14. Be3 Qd8 15. Qd2 f4 16. gxf4 Bg4 17. Nh2 Bf5 18. f3 Nc7 19. Bf2 e5 20. fxe5 dxe5 21. d5 cxd5 22. cxd5 Nf4 23. e3 Nh3+ 24. Bxh3 Bxh3 25.
e4 Kh7 26. Ne2 Bf6 27. Rac1 Rc8 28. Qe1 g5 29. h5 Nb5 30. Qb4 a6 31. a4 Be7 32.
Rxc8 Bxc8 33. Qd2 Nd6 34. Ng3 Rf4 35. Rc1 g4 36. Be3 Bg5 37. Qc3 gxf3 38. Bxf4 Bxf4 39. Qc7+ Qxc7 40. Rxc7+ Kg8 41. Ngf1 Bh3 42. Nxf3 b5 43.
Rc6 Nxe4 0-1

[Event "Early-Titled-Tuesday-Blitz-May-28-2024"]
[Site "Chess.com"]
[Date "2024.05.28"]
[Round "8"]
[White "Flawless_Fighter"]
[Black "Milop27"]
[Result "0-1"]
[WhiteElo "2675"]
[BlackElo "2513"]
[TimeControl "180+1"]
[EndTime "9:30:45 PDT"]
[Termination "Milop27 won by checkmate"]

1. Nf3 c5 2. e4 e6 3. c3 Nf6 4. e5 Nd5 5. d4 cxd4 6. cxd4 d6 7. Bc4 Nb6 8. Bd3 Bd7 9. O-O Bc6 10. Nc3 Be7 11.
Qe2 O-O 12. Bf4 dxe5 13. dxe5 Nd5 14. Nxd5 Bxd5 15. Rfd1 Nd7 16. Rac1 Rc8 17. Rxc8 Qxc8 18. h4 Rd8 19. Ng5 Nf8 20. Bb1 Qc6 21. f3 h6 22.
Ne4 Ng6 23. Bg3 Bxh4 24. Bxh4 Nxh4 25. Nd6 f5 26. Qd3 Ng6 27. Qe3 Nxe5 28. Nxf5 Nxf3+ 29. gxf3 exf5 30. Bxf5 Rd6 31. Qe7 Qc5+ 32. Kh2 Qf2+ 33. Kh3 Qxf3+ 34. Kh2 Qf2+ 35. Kh3 Bg2+ 36. Kg4 Qf3+ 37.
Kh4 g5+ 38. Qxg5+ hxg5+ 39. Kxg5 Qxd1 40. Bg6 Rxg6+ 41. Kxg6 Qc2+ 42. Kf6 Qxb2+ 43. Ke7 Qxa2 44. Kd8 b5 45. Kc8 b4 46. Kb8 b3 47. Kc8 b2 48.
Kc7 b1=Q 49. Kd6 Qd2+ 50. Ke7 Qe4+ 51. Kf6 Qd6+ 52. Kg5 Qdg6# 0-1

[Event "Early-Titled-Tuesday-Blitz-May-28-2024"]
[Site "Chess.com"]
[Date "2024.05.28"]
[Round "8"]
[White "DvaHrasta"]
[Black "GlavkonVVS"]
[Result "1-0"]
[WhiteElo "2451"]
[BlackElo "2567"]
[TimeControl "180+1"]
[EndTime "9:30:47 PDT"]
[Termination "DvaHrasta won by resignation"]

1. c4 Nf6 2. g3 c5 3. Bg2 Nc6 4. Nc3 g6 5. Nf3 Bg7 6. O-O O-O 7. d4 d6 8. dxc5 dxc5 9. Bf4 Be6 10. Qa4 Qa5 11. Nd2 Qb6 12. Qb5 Nh5 13. Be3 Bd4 14.
Na4 Qxb5 15. cxb5 Bxe3 16. fxe3 Nb4 17. Nxc5 Bd5 18. e4 Rac8 19. Nd3 Bxa2 20. Nxb4 Be6 21. Rxa7 Rfd8 22. Nd5 Rc2 23. Rd1 Rxb2 24. Rxb7 Kf8 25. Bf3 Nf6 26. Nc4 Rb4 27. Nce3 Nxe4 28. Bxe4 Rxe4 29.
Rd3 Ra8 30. Kf2 Ra2 31. Nf4 Bf5 32. Nxf5 gxf5 33. Re3 Rxe3 34. Kxe3 Rb2 35. Nd5 e6 36. Rb8+ Kg7 37. Nc3 Kf6 38. Ra8 Rb3 39. Kd3 e5 40. Ra6+ Kg5 41. Ra1 e4+ 42. Kc4 Rb2 43. Rb1 Rd2 44. b6 Rd8 45. b7 Rb8 46. Kc5 Kg4 47. Kc6 h5 48. Kc7 Re8 49. b8=Q Rxb8 50. Kxb8 Kh3 51. e3 Kxh2 52. Rf1 Kxg3 53. Rxf5 h4 54.
Nxe4+ Kg2 55. Rxf7 h3 56. Rg7+ Kh2 57. Kc7 Kh1 58.
Nf2+ Kh2 59. Nxh3 Kxh3 60. e4 1-0

[Event "Early-Titled-Tuesday-Blitz-May-28-2024"]
[Site "Chess.com"]
[Date "2024.05.28"]
[Round "8"]
[White "rhwr"]
[Black "GMAneta"]
[Result "1-0"]
[WhiteElo "2343"]
[BlackElo "2520"]
[TimeControl "180+1"]
[EndTime "9:30:47 PDT"]
[Termination "rhwr won on time"]

1. e4 c5 2. Nf3 Nc6 3. d4 cxd4 4. Nxd4 g6 5. Be2 Bg7 6. Be3 Nf6 7. Nc3 O-O 8. O-O d5 9. exd5 Nxd5 10. Nxd5 Qxd5 11. Nxc6 Qxc6 12. c3 Bf5 13. Bf3 Qc7 14. Qb3 Be5 15. g3 b6 16. Rfd1 Rad8 17. Rxd8 Rxd8 18. Rd1 Be6 19.
Rxd8+ Qxd8 20. Qa4 Qd3 21. Kg2 Bc4 22. h3 Qf1+ 23. Kh2 Bd6 24. a3 h5 25. Bg2 Qe2 26. b3 Bb5 27. Qxa7 h4 28. Qa8+ Kg7 29. Qf3 hxg3+ 30. fxg3 Qe1 31. Bxb6 Bxa3 32. b4 Bb2 33.
Bd4+ e5 34. Bc5 Bxc3 35. Qa8 Bc4 36. Qf8+ Kh7 37. Qd6 e4 38. Qf4 Bd2 39. Qxe4 Qc1 40. Qh4+ Kg8 41. Bd4 Bh6 42. Qd8+ Bf8 43. Bc5 Qh6 44.
Bc6 Qg7 45. Qxf8+ 1-0

[Event "Early-Titled-Tuesday-Blitz-May-28-2024"]
[Site "Chess.com"]
[Date "2024.05.28"]
[Round "8"]
[White "aghasiyevkamal"]
[Black "David_ATM"]
[Result "1-0"]
[WhiteElo "2618"]
[BlackElo "2438"]
[TimeControl "180+1"]
[EndTime "9:30:47 PDT"]
[Termination "aghasiyevkamal won by checkmate"]

1. d4 d5 2. c4 c6 3. Nc3 Nf6 4. e3 Bf5 5. cxd5 Nxd5 6. Nf3 e6 7.
Be2 Be7 8. O-O h6 9. Bd2 Bh7 10. Na4 Nd7 11. Rc1 O-O 12. Re1 N7b6 13. Nc5 Qc7 14.
Bf1 Nd7 15. b4 b6 16. Nxd7 Qxd7 17. Ne5 Qe8 18. Nxc6 a6 19. a4 Bd6 20. g3 Be4 21. f3 Bh7 22. e4 Ne7 23. b5 Nxc6 24. Rxc6 Qd7 25. Qb3 a5 26. Rec1 Bb4 27. Be3 Rac8 28.
Qc4 Rxc6 29. bxc6 Qc7 30. Bf4 Bd6 31. Bxd6 Qxd6 32. d5 Rc8 33. Qd4 h5 34. Kf2 h4 35.
Bb5 Qa3 36. Qc3 Qd6 37. Rd1 Bg6 38. e5 Qd8 39. d6 hxg3+ 40. hxg3 f6 41. c7 Qf8 42. d7 fxe5 43. dxc8=Q Qxc8 44. Rd8+ Kh7 45. Rxc8 e4 46. Qe5 e3+ 47. Kxe3 Bf5 48. Re8 Kg6 49. Re7 Kh5 50. Qxg7 Bg6 51. Rxe6 Bf7 52. Rh6# 1-0

[Event "Early-Titled-Tuesday-Blitz-May-28-2024"]
[Site "Chess.com"]
[Date "2024.05.28"]
[Round "8"]
[White "Nekoo04"]
[Black "tusplingher"]
[Result "1/2-1/2"]
[WhiteElo "2429"]
[BlackElo "2578"]
[TimeControl "180+1"]
[EndTime "9:30:47 PDT"]
[Termination "Game drawn - insufficient material"]

1. d4 Nf6 2. c4 c5 3. d5 b5 4.
cxb5 a6 5. e3 axb5 6. Bxb5 Qa5+ 7. Nc3 Bb7 8. Bd2 Qb6 9. Qb3 e6 10. e4 Nxe4 11. Nxe4 Bxd5 12. Qd3 f5 13. Ng5 Bxg2 14.
O-O-O Bxh1 15. f3 Be7 16. Nxe6 Qxe6 17. Re1 Qxa2 18. Bc4 Qa1+ 19. Kc2 Qxe1 20. Bxe1 Nc6 21. Qd5 Rf8 22. Bc3 Bf6 23. Bb5 Rc8 24. Nh3 Nd4+ 25. Bxd4 cxd4+ 26. Kd3 Rc7 27. Nf4 Ke7 28. Kd2 Rfc8 29.
Qxf5 Rc2+ 30. Qxc2 Rxc2+ 31. Kxc2 Bxf3 32. Kd3 Kd6 33. Bc4 Bc6 34. b4 Be5 35. Ne2 Bxh2 36. b5 Bd5 37.
Nxd4 Bxc4+ 38. Kxc4 Bg1 39. Nf5+ Kc7 40. Nxg7 Bh2 41.
Kd5 Bf4 42. Ne8+ Kb6 43. Nf6 h6 44. Nxd7+ Kxb5 45. Ke4 Bg5 46. Ne5 Kc5 47. Nf7 Bc1 48.
Kf5 Kd5 49. Kg6 Ke6 50. Nxh6 1/2-1/2

[Event "Early-Titled-Tuesday-Blitz-May-28-2024"]
[Site "Chess.com"]
[Date "2024.05.28"]
[Round "8"]
[White "js20000"]
[Black "Giantgoogachess"]
[Result "1-0"]
[WhiteElo "2703"]
[BlackElo "2384"]
[TimeControl "180+1"]
[EndTime "9:30:48 PDT"]
[Termination "js20000 won by resignation"]

1. b3 d5 2. Bb2 c6 3. c4 Bf5 4.
Nf3 e6 5. d3 Nf6 6. Nh4 Bg4 7.
h3 Bh5 8. g4 Nfd7 9. Ng2 Bg6 10.
Nf4 Nf6 11. Nd2 Bd6 12. Nxg6 hxg6 13. Bg2 Nbd7 14. Qc2 Qe7 15. a3 a5 16. Nf3 O-O 17. O-O e5 18. Nd2 Rfe8 19. e3 e4 20. dxe4 dxe4 21.
g5 Nh5 22. Nxe4 Bc7 23. Rad1 Nc5 24. Nxc5 Qxc5 25. Rd7 Rac8 26. h4 Be5 27. Rxb7 Bxb2 28.
Qxb2 a4 29. bxa4 Qxc4 30. Qb4 Qc2 31. a5 c5 32. Qb3 Qxb3 33. Rxb3 c4 34. Rc3 Re5 35.
a6 Ra5 36. Rfc1 Rcc5 37. Bb7 f6 38. Rxc4 Rxc4 39. Rxc4 fxg5 40. Rc7 gxh4 41. a7 Rxa3 42. a8=Q+ Rxa8 43. Bxa8 Kh7 44. Bf3 Nf6 45. Kg2 g5 46. Kh3 Kg6 47. Rc6 Kf5 48. Rc5+ Kg6 49. Bg4 Kh6 50.
f3 Kg6 51. e4 Kf7 52. e5 Nh7 53. Rc7+ Kg6 54. Rc6+ Kf7 55. e6+ Kf6 56. Rc7 Nf8 57. Rf7+ 1-0

[Event "Early-Titled-Tuesday-Blitz-May-28-2024"]
[Site "Chess.com"]
[Date "2024.05.28"]
[Round "8"]
[White "dinushkipremanath"]
[Black "aljado"]
[Result "1/2-1/2"]
[WhiteElo "2315"]
[BlackElo "2170"]
[TimeControl "180+1"]
[EndTime "9:30:48 PDT"]
[Termination "Game drawn by stalemate"]

1. d4 Nf6 2. Nf3 g6 3. Bf4 Bg7 4. Nc3 d6 5. e4 Nbd7 6. Bd3 Nh5 7. Qd2 Nxf4 8. Qxf4 O-O 9. Ne2 e5 10. dxe5 Nxe5 11.
O-O-O Ng4 12. Qg3 Qf6 13. Nc3 c6 14. h3 Ne5 15. Nxe5 Qxe5 16. f4 Qa5 17. Bc4 b5 18. Bb3 c5 19. Bd5 Be6 20. Bxe6 fxe6 21. Rxd6 b4 22.
Nb1 Qxa2 23. e5 c4 24. Qe3 Rac8 25. Rd7 c3 26. bxc3 bxc3 27. Nxc3 Qa1+ 28. Nb1 Rb8 29. Qxa7 Rxb1+ 30. Kd2 Qxa7 31. Rxa7 Rxh1 32. Re7 Rg1 33.
Rxe6 Rxg2+ 34. Kd3 Rxf4 35. Re7 Rf8 36. c4 Rg3+ 37.
Ke4 Rxh3 38. c5 Rh4+ 39. Kd5 Rh5 40. c6 Rhf5 41. c7 h5 42. Kd6 h4 43. e6 Rf1 44.
Kd7 Rd1+ 45. Kc6 Rc1+ 46. Kd6 h3 47. Rd7 h2 48. e7 Re8 49. Rd8 Kf7 50. Kd7 Rxe7+ 51.
Kc8 Rexc7+ 52. Kb8 h1=Q 53. Rf8+ Kxf8 1/2-1/2

[Event "Early-Titled-Tuesday-Blitz-May-28-2024"]
[Site "Chess.com"]
[Date "2024.05.28"]
[Round "8"]
[White "ccccvhhhj"]
[Black "JanMur7"]
[Result "1-0"]
[WhiteElo "2467"]
[BlackElo "2272"]
[TimeControl "180+1"]
[EndTime "9:30:53 PDT"]
[Termination "ccccvhhhj won by checkmate"]

1. e4 g6 2. d4 Bg7 3. Nc3 c5 4. Be3 cxd4 5. Bxd4 Nf6 6. Qd2 d6 7. f3 Nc6 8. Be3 Bd7 9. Bh6 Kf8 10. g4 a6 11. h4 b5 12. h5 Rc8 13. O-O-O Ne5 14.
Bxg7+ Kxg7 15. h6+ Kf8 16. g5 Nh5 17. f4 Nc4 18.
Qd4 Rg8 19. Nge2 Qa5 20. Kb1 Qb4 21. b3 Na3+ 22. Kb2 Nc4+ 23. Kb1 Na3+ 24. Kc1 Qxd4 25. Rxd4 Ng3 26. Nxg3 Rxc3 27. Bd3 a5 28. Kb2 b4 29.
Ne2 Rc5 30. e5 Bc6 31. Rd1 d5 32. Rd2 e6 33. Ba6 Ke7 34. Ng3 Ra8 35. Bd3 Rc8 36. Nf1 Bb5 37. Ne3 Bxd3 38. R4xd3 Rc3 39. Kc1 d4 40. Rxc3 Rxc3 41. Nd1 Rc5 42. Nf2 Rc3 43. Ne4 Rc6 44. Rxd4 Rxc2+ 45. Kd1 Rxa2 46. Nf6 Ra1+ 47.
Ke2 Ra2+ 48. Kf3 Rd2 49. Rxd2 Nb5 50. Rd7+ Kf8 51. Rd8+ Ke7 52. Re8# 1-0

[Event "Early-Titled-Tuesday-Blitz-May-28-2024"]
[Site "Chess.com"]
[Date "2024.05.28"]
[Round "8"]
[White "nabukatnezarr"]
[Black "Kirill_Klukin"]
[Result "0-1"]
[WhiteElo "2664"]
[BlackElo "2880"]
[TimeControl "180+1"]
[EndTime "9:30:54 PDT"]
[Termination "Kirill_Klukin won on time"]

1. b3 Nf6 2. Bb2 d5 3. Nf3 Bf5 4. Bxf6 gxf6 5. d4 e6 6. e3 Nd7 7. Nbd2 c6 8. g3 Bd6 9. Bg2 Qe7 10. O-O a5 11. c4 a4 12. Nh4 Bd3 13. Re1 Bb4 14. Bf1 Bg6 15. Nxg6 hxg6 16. Qc2 f5 17. Rec1 Bxd2 18. Qxd2 Kf8 19. Rab1 a3 20. b4 Kg7 21. b5 Nf6 22. Qb4 Qd8 23. bxc6 bxc6 24. Qb6 Ne4 25. Qxd8 Rhxd8 26. Rb6 Rdb8 27. c5 Kf8 28. Bd3 Nf6 29. Rc3 Rxb6 30. cxb6 Nd7 31. b7 Ra7 32. Rxc6 Rxb7 33. Ra6 Ke7 34. Rxa3 Rb2 35.
Kg2 Kd6 36. Ra6+ Kc7 37. Ra7+ Kd6 38. a4 f6 39. Bb5 Nb6 40. Ra6 Kc7 41. Ra7+ Kb8 42.
Rg7 Nc4 43. Bxc4 dxc4 44. Kf1 c3 45. Rg8+ Kb7 46. Rg7+ Kb6 47. Re7 Rb1+ 48. Ke2 c2 49. Rxe6+ Ka5 0-1

[Event "Early-Titled-Tuesday-Blitz-May-28-2024"]
[Site "Chess.com"]
[Date "2024.05.28"]
[Round "8"]
[White "kleinebeer98"]
[Black "DumbKing75"]
[Result "1-0"]
[WhiteElo "2963"]
[BlackElo "2693"]
[TimeControl "180+1"]
[EndTime "9:30:55 PDT"]
[Termination "kleinebeer98 won by resignation"]

1. e4 c5 2. Nf3 d6 3. d4 cxd4 4. Nxd4 Nf6 5. Nc3 Nc6 6. Nd5 Nxd5 7. exd5 Qa5+ 8. Bd2 Qxd5 9. Nb5 Qe6+ 10. Be2 Qd7 11. c4 g6 12. Bc3 e5 13. c5 d5 14. Qxd5 Qxd5 15. Nc7+ Kd8 16. Nxd5 Bxc5 17. O-O-O Bd4 18. Bb5 Be6 19. Bxc6 bxc6 20. Nb4 c5 21. Nc6+ Kc7 22. Nxe5 Bxc3 23. bxc3 Rhd8 24. a4 Bb3 25. Rxd8 Rxd8 26. a5 f6 27. Ng4 Rd6 28. Re1 f5 29. Ne5 f4 30. g3 fxg3 31. hxg3 Bd5 32. Nd3 c4 33.
Nb4 Be6 34. Re4 h5 35. Re5 Bf7 36. Re7+ Rd7 37. Re5 Kd6 38. Rg5 Ke6 39. f4 Kf6 40. Nc6 Be6 41. Ne5 Rg7 42. Kd2 a6 43. Nf3 Bf5 44. Nd4 Rd7 45. Ke3 Rd5 46. Nc6 Rc5 47. Nb4 Rxa5 48. Kd4 Ra3 49. Nd5+ Kf7 50. Ne3 Be6 51. Rc5 a5 52. Rc7+ Kf6 53. Rc6 Ra4 54. Nd5+ Kf5 55. Ne7+ Kf6 56. Nxg6 Kxg6 57. Rxe6+ Kf5 58.
Re5+ Kg4 59. Rg5+ Kf3 60. f5 Ra1 61. f6 Kg2 62. Rf5 Rd1+ 63. Kxc4 Rd8 64. Rxh5 Kxg3 65.
Rxa5 Kg4 66. f7 Rf8 67. Ra7 Kf5 68. Kd5 Kf6 69. c4 Rd8+ 70. Kc6 Kg7 71. c5 Rd2 72. Rd7 Rc2 73. Kb6 Rb2+ 74. Kc7 Kf8 75. c6 Rb3 76. Kd8 Rc3 77. c7 Rc4 78. c8=R Rxc8+ 79. Kxc8 1-0

[Event "Early-Titled-Tuesday-Blitz-May-28-2024"]
[Site "Chess.com"]
[Date "2024.05.28"]
[Round "8"]
[White "RobertJFischer71"]
[Black "maximnovik"]
[Result "0-1"]
[WhiteElo "2638"]
[BlackElo "2543"]
[TimeControl "180+1"]
[EndTime "9:30:57 PDT"]
[Termination "maximnovik won on time"]

1. e4 c6 2. Nf3 d5 3. Nc3 Bg4 4. h3 Bxf3 5. Qxf3 e6 6. Be2 Nf6 7. O-O Be7 8. Rd1 d4 9. Nb1 O-O 10. d3 c5 11. Qg3 Nc6 12. f4 Nd7 13. Nd2 e5 14. Nf3 Nb4 15. c3 Nc2 16. Rb1 Qa5 17. fxe5 Qxa2 18. Bh6 g6 19. Bxf8 Nxf8 20. Rdc1 Ne6 21.
Qf2 Rd8 22. Bd1 Ne3 23. Ra1 Nxd1 24. Rxa2 Nxf2 25. Kxf2 a6 26. cxd4 Nxd4 27. Nxd4 Rxd4 28. Ke2 Kf8 29. Rc3 Ke8 30. Rb3 Rd7 31. Rb6 Bd8 32. Rd6 Rxd6 33. exd6 Kd7 34. Ra1 Kxd6 35. Rf1 Ke6 36. Kd2 Bf6 37. Kc2 Bd4 38. g4 f6 39. Rb1 a5 40. Ra1 b6 41. Kb3 Kd6 42. Rf1 b5 43. h4 a4+ 44. Kc2 h6 45. h5 g5 46. Rf5 Be5 47. Rf1 Kc6 48. Ra1 Kb6 49.
Ra2 Ka5 50. b3 Kb4 51. bxa4 bxa4 52. Kb1 Kb3 53. Rc2 Bc3 54. Rf2 a3 55. Rc2 Bb2 56.
Rxb2+ axb2 0-1

[Event "Early-Titled-Tuesday-Blitz-May-28-2024"]
[Site "Chess.com"]
[Date "2024.05.28"]
[Round "8"]
[White "kuchma777"]
[Black "chess_blitz00"]
[Result "0-1"]
[WhiteElo "2483"]
[BlackElo "2324"]
[TimeControl "180+1"]
[EndTime "9:30:58 PDT"]
[Termination "chess_blitz00 won by resignation"]

1. e4 c5 2. Nf3 d6 3. d4 cxd4 4. Nxd4 Nf6 5. Nc3 Nc6 6. Rg1 e5 7. Nb3 Be6 8. g4 Be7 9. g5 Nd7 10. Be3 O-O 11. Qd2 Nc5 12. Nxc5 dxc5 13. Nd5 Bxd5 14.
exd5 Nd4 15. Bg2 f5 16. gxf6 Rxf6 17. O-O-O Kh8 18. Be4 Qd6 19. c3 Nf3 20. Bxf3 Rxf3 21. Rg3 Rxg3 22. hxg3 e4 23. Bf4 Qd7 24. Qe3 Qf5 25.
d6 Bf6 26. f3 g5 27. fxe4 gxf4 28. gxf4 Qe6 29. e5 Bg7 30. Qxc5 Qf5 31. d7 Qxf4+ 32. Kb1 Rd8 33. e6 Qe4+ 34. Ka1 Qxe6 35. Qc7 Qb6 36. Qc8 Bf6 37. Qc4 Qc6 38. Qf7 Bg7 39. Qe7 Qf6 40.
Qe8+ Qf8 41. Qe6 h6 42. a3 Kh7 43. Qe4+ Kh8 44. Ka2 Qf7+ 45. c4 Rxd7 46. Re1 Rd8 47.
Re2 Rf8 48. a4 b6 49. Qc6 a5 50. Re4 Qf6 51. Qxf6 Rxf6 52. Re6 Rxe6 53. c5 bxc5 54.
Kb3 Rb6+ 55. Kc4 Rb4+ 56. Kxc5 Bxb2 0-1

[Event "Early-Titled-Tuesday-Blitz-May-28-2024"]
[Site "Chess.com"]
[Date "2024.05.28"]
[Round "8"]
[White "frenchpin"]
[Black "chessamical"]
[Result "1/2-1/2"]
[WhiteElo "2386"]
[BlackElo "2285"]
[TimeControl "180+1"]
[EndTime "9:30:59 PDT"]
[Termination "Game drawn by repetition"]

1. d4 Nf6 2. c4 e6 3. Nf3 d5 4. Nc3 c6 5. Bg5 h6 6. Bh4 dxc4 7. a4 c5 8. dxc5 Qxd1+ 9. Rxd1 Bxc5 10. e4 Bb4 11. e5 g5 12. exf6 gxh4 13. Bxc4 Nd7 14.
Ke2 Bxc3 15. bxc3 h3 16. gxh3 Nxf6 17. Ne5 Bd7 18. Nxd7 Nxd7 19. Bb5 O-O-O 20. Rd4 Ne5 21.
Rhd1 a6 22. Bd3 Nc6 23. Rf4 Ne5 24. Bc2 Rxd1 25. Bxd1 Rg8 26. Rh4 Rg6 27. Bc2 Rf6 28. f4 Ng6 29. Bxg6 Rxg6 30. Rg4 Kd7 31. Ke3 Ke7 32. Ke4 Kf6 33. Rg3 b6 34. Rd3 Rg2 35. Rd6 Rb2 36. Rc6 Rb3 37. c4 Rb4 38. Kd3 Kf5 39.
Rc7 f6 40. Ke3 Rxa4 41. Rc6 Rb4 42. Kd3 a5 43. Kc3 h5 44. Rd6 h4 45. Rc6 e5 46.
fxe5 Kxe5 47. Rc8 Rb1 48. Rh8 Rc1+ 49. Kd3 Rd1+ 50. Kc3 Rc1+ 51. Kd3 Rd1+ 52. Kc3 Rc1+ 1/2-1/2

[Event "Early-Titled-Tuesday-Blitz-May-28-2024"]
[Site "Chess.com"]
[Date "2024.05.28"]
[Round "8"]
[White "MVM2008"]
[Black "BardArtem"]
[Result "0-1"]
[WhiteElo "2524"]
[BlackElo "2810"]
[TimeControl "180+1"]
[EndTime "9:31:00 PDT"]
[Termination "BardArtem won by checkmate"]

1. e4 e5 2. Nf3 Nc6 3. Nc3 Nf6 4.
Nd5 Bc5 5. Bc4 h6 6. c3 O-O 7. d4 exd4 8. cxd4 Nxd5 9. Bxd5 Bb4+ 10. Bd2 Bxd2+ 11. Qxd2 Ne7 12. O-O Nxd5 13. exd5 d6 14. Qf4 a5 15. Rac1 Bd7 16. Rc3 Re8 17. Re3 Qf6 18.
Qxf6 gxf6 19. Rc1 c6 20. Nd2 cxd5 21. Nb1 Bc6 22. Nc3 Kf8 23. Rh3 Kg7 24. Rg3+ Kh7 25. Rf3 Re6 26. Rf5 Kg6 27. g4 Rc8 28. Nxd5 Bxd5 29.
Rd1 Bxa2 30. Rxa5 Bb3 31. Rd3 Bc2 32. Rc3 Rxc3 33. bxc3 f5 34. h3 fxg4 35. hxg4 Be4 36.
Kh2 d5 37. Kg3 f5 38. Ra8 fxg4 39. Kxg4 Rc6 40. Rg8+ Kf6 41. f3 Bg6 42. Rf8+ Bf7 43. Rh8 h5+ 44. Kf4 Rxc3 45. Rh6+ Bg6 46. Rh8 Rd3 47.
Rf8+ Ke7 48. Rg8 Kf7 49. Rb8 Rxd4+ 50. Ke5 Rb4 51. Kxd5 h4 52. Rh8 Kg7 53. Rd8 h3 54.
Kd6 Rd4+ 55. Kc7 Rxd8 56. f4 h2 57. f5 Bxf5 58. Kxb7 h1=Q+ 59. Ka6 Qc6+ 60. Ka7 Ra8# 0-1

[Event "Early-Titled-Tuesday-Blitz-May-28-2024"]
[Site "Chess.com"]
[Date "2024.05.28"]
[Round "8"]
[White "Andrii_Prydun"]
[Black "JAN2404"]
[Result "1-0"]
[WhiteElo "2373"]
[BlackElo "1968"]
[TimeControl "180+1"]
[EndTime "9:31:00 PDT"]
[Termination "Andrii_Prydun won by resignation"]

1. Nf3 c5 2. e4 d6 3. d4 cxd4 4. Nxd4 Nf6 5. Nc3 Nc6 6. Be3 Ng4 7. Bc1 g6 8. f3 Nf6 9. Be3 Bg7 10. Qd2 Bd7 11.
O-O-O a6 12. g4 O-O 13. h4 h5 14. g5 Ne8 15. f4 b5 16. Nd5 Rc8 17. Nxc6 Bxc6 18.
Bg2 Bxd5 19. exd5 Nc7 20. Rhe1 Na8 21. Kb1 Nb6 22. b3 Bc3 23. Qd3 Nd7 24. Be4 Qa5 25.
Bd4 Bxd4 26. Qxd4 Qc3 27. Qxc3 Rxc3 28. Rd3 Rfc8 29. Rxc3 Rxc3 30. Bd3 Kf8 31. Kb2 b4 32. a3 a5 33. axb4 axb4 34. Re4 Nc5 35. Rxb4 Rxd3 36. cxd3 Nxd3+ 37. Kc3 Nxb4 38. Kxb4 Ke8 39. Kb5 Kd8 40. Ka6 Kc8 41. Ka7 e5 42. b4 e4 43. b5 e3 44. b6 e2 45. b7+ Kd7 46. b8=Q e1=Q 47.
Qb7+ Ke8 48. Qc6+ Kf8 49. Qxd6+ Kg7 50. Qe5+ Qxe5 51. fxe5 Kf8 52. Kb7 Ke7 53. Kc7 f5 54.
exf6+ Kf7 55. d6 Kf8 56. d7 Kf7 57. Kd6 1-0

[Event "Early-Titled-Tuesday-Blitz-May-28-2024"]
[Site "Chess.com"]
[Date "2024.05.28"]
[Round "8"]
[White "MarlonJodar"]
[Black "martinmena"]
[Result "1-0"]
[WhiteElo "2317"]
[BlackElo "2136"]
[TimeControl "180+1"]
[EndTime "9:31:01 PDT"]
[Termination "MarlonJodar won on time"]

1. e4 c6 2. Nf3 d5 3. exd5 cxd5 4. Ne5 Nc6 5. d4 Nf6 6. c3 Bf5 7. Bb5 Qc7 8. Bf4 Qb6 9. Qa4 Rc8 10. Nxc6 bxc6 11. Ba6 Rd8 12. Nd2 e6 13. b4 Bd6 14.
Bxd6 Rxd6 15. O-O O-O 16. Rfe1 Ne4 17. Nxe4 Bxe4 18. Re3 c5 19. b5 cxd4 20. cxd4 Rd7 21. Rc1 Rc7 22. Rec3 Rxc3 23. Rxc3 e5 24. dxe5 d4 25.
Rc1 Re8 26. Rd1 Rxe5 27. Qxd4 Rd5 28. Qa1 Rxd1+ 29. Qxd1 g6 30. h3 Bf5 31. a4 Be6 32. Qd2 Qc5 33. a5 Kg7 34. Qb2+ Kg8 35. b6 axb6 36. axb6 Qd6 37. b7 Qb8 38. Qb5 Kg7 39.
Qc5 Kg8 40. Qc8+ Bxc8 41. bxc8=Q+ Qxc8 42. Bxc8 Kg7 43. Kf1 f6 44. Ke2 Kf7 45. Ke3 Ke7 46. Kd4 g5 47. Kd5 h6 48. Bf5 h5 49. Bg6 h4 50. Bf5 Kf7 51. Kd6 Kf8 52. Ke6 Kg7 53. Ke7 Kh6 54. Be4 Kg7 55. Bc6 f5 56. Ke6 Kg6 57. Be8+ Kh6 58. Kxf5 Kh7 59. Kxg5 Kg7 60. Kxh4 1-0

[Event "Early-Titled-Tuesday-Blitz-May-28-2024"]
[Site "Chess.com"]
[Date "2024.05.28"]
[Round "8"]
[White "JeFumeDesClopes"]
[Black "Djager97"]
[Result "1/2-1/2"]
[WhiteElo "2701"]
[BlackElo "2554"]
[TimeControl "180+1"]
[EndTime "9:31:02 PDT"]
[Termination "Game drawn by repetition"]

1. Nf3 d5 2. g3 Nd7 3. Bg2 e5 4. d3 Ngf6 5. c4 c6 6. O-O Bd6 7. Nbd2 O-O 8. e4 dxe4 9. Nxe4 Nxe4 10. dxe4 Qc7 11. Nh4 Rd8 12. Bg5 f6 13. Be3 Bc5 14.
Qe2 Bxe3 15. Qxe3 Nf8 16. Rad1 Ne6 17. Bh3 Nd4 18. Bxc8 Raxc8 19. f4 Qb6 20. Rf2 Qc5 21. b3 Rd7 22. Kg2 Rcd8 23. fxe5 Qxe5 24. Nf5 Nxf5 25.
Rxf5 Qxf5 26. exf5 Rxd1 27. Qxa7 R8d7 28. b4 R1d2+ 29.
Kh3 h6 30. b5 cxb5 31. cxb5 Kh7 32. a4 Re7 33. a5 Ree2 34. Kg4 Re7 35. h4 Rdd7 36. Kh5 Re5 37. Kg4 Rxb5 38. a6 Rb4+ 39. Kh3 Rb5 40. axb7 Rbxb7 41. Qa8 Rbc7 42. Qe8 Re7 43. Qg6+ Kh8 44. Qh5 Re3 45. Qg6 Rcc3 46.
h5 Kg8 47. Kh4 Re4+ 48. g4 Rcc4 49. Kh3 Rxg4 50. Qxg4 Rxg4 51. Kxg4 Kf8 52. Kf4 Ke7 53. Ke3 Kd6 54. Kd4 Kc6 55. Kc4 Kd6 56. Kd4 Kc6 57. Kc4 Kd6 58. Kd4 1/2-1/2

[Event "Early-Titled-Tuesday-Blitz-May-28-2024"]
[Site "Chess.com"]
[Date "2024.05.28"]
[Round "8"]
[White "DonPreuss"]
[Black "RespectfulDaveOnYouTube"]
[Result "0-1"]
[WhiteElo "2301"]
[BlackElo "2494"]
[TimeControl "180+1"]
[EndTime "9:31:02 PDT"]
[Termination "RespectfulDaveOnYouTube won by checkmate"]

1. d4 c5 2. e4 cxd4 3. Qxd4 Nc6 4. Qd1 e5 5. Bd3 d5 6. exd5 Qxd5 7. Qf3 Be6 8. Be4 Qd7 9. Bxc6 bxc6 10. Nc3 Nf6 11. Nge2 Be7 12. O-O O-O 13. h3 Rab8 14. Ng3 Nd5 15.
Na4 f5 16. b3 e4 17. Qe2 Qc7 18. c4 Nf4 19. Bxf4 Qxf4 20. Qe3 Qxe3 21. fxe3 Rbd8 22.
Rad1 g6 23. Ne2 Bb4 24. Nd4 Bd7 25. Nc2 c5 26. a3 Bxa4 27. bxa4 Bd2 28. Rf2 Bc3 29. Rb1 Rd3 30. Re2 Rf7 31. Kf1 Kg7 32.
Kf2 g5 33. Ne1 Rd2 34. Rxd2 Bxd2 35. Ke2 Bc3 36. g3 h5 37. Ng2 Kf6 38. h4 Rd7 39.
hxg5+ Kxg5 40. Rd1 Rxd1 41. Kxd1 Kg4 42. Nf4 Be5 43. Ng6 Bd6 44. Nh4 Bxg3 45. Ng6 Bd6 46. Ke2 Kg5 47. Nh8 Kf6 48. a5 Kg7 49. a6 Kxh8 50.
Kf2 Bc7 51. a4 Kg7 52. a5 Bxa5 53. Kg2 Kf6 54. Kh3 Kg5 55. Kg3 Bd2 56. Kh3 h4 57. Kg2 Bxe3 58. Kh3 Bd4 59. Kg2 Kg4 60. Kh2 f4 61. Kg2 e3 62. Kh2 Be5 63. Kg2 f3+ 64.
Kh1 Bg3 65. Kg1 e2 66. Kh1 e1=Q# 0-1

[Event "Early-Titled-Tuesday-Blitz-May-28-2024"]
[Site "Chess.com"]
[Date "2024.05.28"]
[Round "8"]
[White "BashiqChess"]
[Black "chrisclaireredfield"]
[Result "1/2-1/2"]
[WhiteElo "2434"]
[BlackElo "2555"]
[TimeControl "180+1"]
[EndTime "9:31:03 PDT"]
[Termination "Game drawn - insufficient material"]

1. Nf3 d5 2. b3 Nf6 3. Bb2 e6 4. c4 Bd6 5. d3 O-O 6. g3 c5 7.
Bg2 Nc6 8. O-O b6 9. cxd5 exd5 10. d4 Bb7 11. Nc3 Re8 12. Rc1 Rc8 13. Nb5 Bf8 14.
dxc5 bxc5 15. Bxf6 Qxf6 16. Qxd5 Rxe2 17. Qd7 Qe7 18.
Qxe7 Bxe7 19. Nc3 Rb2 20. Rfd1 Ba8 21. Ne1 Nd4 22. Bxa8 Rxa8 23. Nd3 Ne2+ 24. Nxe2 Rxe2 25. Re1 Rxe1+ 26. Rxe1 Kf8 27. Rc1 Rc8 28. Rc4 Ke8 29. b4 Rd8 30. Nxc5 Rd2 31. a4 Rb2 32. Kg2 Bxc5 33.
bxc5 Kd7 34. c6+ Kc7 35. Re4 Kxc6 36. Re7 Rb7 37. Re5 Kd6 38. Ra5 g6 39. h4 h5 40.
Kf3 Ke6 41. Ra6+ Ke5 42. Ra5+ Kd4 43. Kf4 Kc4 44. Kg5 Kb4 45. Ra6 Rd7 46. f4 Rd3 47. Kf6 Rxg3 48. Kxf7 Rg4 49. Rxa7 Rxf4+ 50. Kxg6 Rxh4 51.
Kg5 Rh1 52. a5 Kb5 53. Ra8 Ra1 54. Kxh5 Rxa5 55. Rxa5+ Kxa5 1/2-1/2